 Dungeon Crawl Stone Soup version 0.27.1 (webtiles) character file.

Game seed: 1582112851397887158

230 bnorton916 the Conjurer (level 5, 0/28 HPs)
             Began as a Deep Elf Conjurer on Aug 21, 2021.
             Succumbed to a scorpion's poison
             ... on level 4 of the Dungeon.
             The game lasted 00:04:10 (4754 turns).

bnorton916 the Conjurer (Deep Elf Conjurer)         Turns: 4754, Time: 00:04:10

Health: 0/28       AC:  3    Str:  5    XL:     5   Next: 72%
Magic:  5/15       EV: 12    Int: 23    God:
Gold:   172        SH:  0    Dex: 13    Spells: 5/16 levels left

rFire    . . .     SeeInvis .   (no weapon)
rCold    . . .     Faith    .   (no shield)
rNeg     . . .     Spirit   .   a - +0 robe
rPois    .         Reflect  .   (no helmet)
rElec    .         Harm     .   (no cloak)
rCorr    .         Rampage  .   (no gloves)
Will     +....                  m - +0 pair of boots
Stlth    ++........             (no amulet)
HPRegen  0.09/turn              c - ring of willpower
MPRegen  0.14/turn              (no ring)

@: lethally poisoned (0 -> -23)
A: no striking features
a: no special abilities


You were on level 4 of the Dungeon.
You visited 1 branch of the dungeon, and saw 4 of its levels.

You collected 172 gold pieces.

Inventory:

Hand Weapons
 n - a +0 vampiric short sword
 x - a +0 dagger of protection
Missiles
 h - 87 stones
Armour
 a - a +0 robe (worn)
 m - a +0 pair of boots (worn)
Magical Staves
 j - a staff of cold
Jewellery
 c - a ring of willpower (left hand)
 u - a ring of willpower
Wands
 s - a wand of acid (14)
 y - a wand of iceblast (6)
Scrolls
 b - 4 scrolls of identify {unknown}
 d - a scroll of teleportation {unknown}
 l - 2 scrolls of magic mapping {unknown}
 o - a scroll of fear {unknown}
 p - a scroll of enchant weapon {unknown}
 q - 2 scrolls of vulnerability {unknown}
 r - 2 scrolls of enchant armour {unknown}
 t - a scroll of blinking {unknown}
 v - a scroll of torment {unknown}
Potions
 e - 3 potions of flight {unknown}
 f - 2 potions of might {unknown}
 g - a potion of ambrosia {unknown}
 i - 2 potions of heal wounds {unknown}
 k - a potion of cancellation {unknown}
 w - a potion of invisibility {unknown}
 z - a potion of curing {unknown}
 A - a potion of attraction {unknown}


   Skills:
 - Level 2.4 Dodging
 - Level 2.4 Stealth
 + Level 6.1 Spellcasting
 + Level 6.3 Conjurations


You had 5 spell levels left.
You knew the following spells:

 Your Spells              Type           Power      Damage    Failure   Level
a - Magic Dart            Conj           100%       1d8       1%          1
b - Searing Ray           Conj           72%        3d6       1%          2
c - Fulminant Prism       Conj/Hex       10%        3d9       22%         4
d - Iskenderun's Mystic   Conj/Tloc      21%        2d6       22%         4

Your spell library contained the following spells:

 Spells                   Type           Power      Damage    Failure   Level
 Dazzling Flash           Conj/Hex       42%        N/A       7%          3
 Pain                     Necr           28%        1d5       9%          1
 Gell's Gravitas          Tloc           3%         N/A       26%         3
 Lesser Beckoning         Tloc           3%         N/A       26%         3
 Teleport Other           Tloc           7%         N/A       26%         3
 Agony                    Necr           7%         N/A       93%         5
 Excruciating Wounds      Necr           3%         N/A       93%         5


Dungeon Overview and Level Annotations

Branches:
Dungeon (4/15)
 Temple: D:4-7

Altars:
Xom

Shops:
D:2 :


Message History

Aiming: Magic Dart (safe; 1% risk of failure)
Press: ? - help, Shift-Dir - straight line, f/p - scorpion
Aim: a scorpion (lightly wounded, 100% to hit)
The magic dart hits the scorpion but does no damage.
The scorpion is lightly wounded.
Casting: Magic Dart (safe; 1% risk of failure)
Confirm with . or Enter, or press ? or * to list all spells.
Aiming: Magic Dart (safe; 1% risk of failure)
Press: ? - help, Shift-Dir - straight line, f/p - scorpion
Aim: a scorpion (lightly wounded, 100% to hit)
The magic dart hits the scorpion but does no damage.
The scorpion is lightly wounded.
Casting: Magic Dart (safe; 1% risk of failure)
Confirm with . or Enter, or press ? or * to list all spells.
Aiming: Searing Ray (safe; 1% risk of failure)
Press: ? - help, Shift-Dir - straight line, f/p - scorpion
Aim: a scorpion (lightly wounded, 81% to hit)
The searing ray hits the scorpion!
The scorpion is almost dead. (Press . to maintain the ray.)
The scorpion stings you.
You are poisoned.
The scorpion poisons you!
The searing ray hits the scorpion.
The scorpion is almost dead.
You feel very sick. The scorpion stings you!
The searing ray misses the scorpion.
You feel very sick. The scorpion stings you.
* * * LOW HITPOINT WARNING * * *
You are more poisoned.
The scorpion poisons you!
Unknown command.
Casting: Searing Ray (safe; 1% risk of failure)
Confirm with . or Enter, or press ? or * to list all spells.
The spell is extremely dangerous to cast (22% risk of failure)!
Continue anyway?
You erupt in a blast of force!
The mystic blast hits the scorpion.
You kill the scorpion!
You die...

.#...........#.##............#..#
.#..#.#......#.###......#.##.#..#
....#.#..........##.#...#.##.#..#
....#.#...#..#...##.#...........#
....#.#...#..#.........#..##.#..#
.....)...........................
..............#..........>.......
.............##..#.###.########..
..........#####.@# # # #......
#...##.............# #......
#...##................ #......
#...##...######......... #.....#
#....................... #.....#
#......#..#####..#####.# #......
#....#............# #.# #.....#
#............##...# #.# #.....#
#....###..##..# ..# #.# ##.....#


There were no monsters in sight!

Vanquished Creatures
  2 scorpions (D:4)
  2 orc wizards
  4 adders
  2 worms (D:2)
  3 dart slugs
  7 orcs
  8 ball pythons
  4 bats
  2 endoplasms
  5 giant cockroaches
  A goblin (D:3)
  5 hobgoblins
  5 jackals (D:3)
  2 quokkas
  5 frilled lizards
  8 kobolds
  5 rats
70 creatures vanquished.

Notes
Turn   | Place    | Note
-------+----------+-------------------------------------------
     0 | D:1      | bnorton916 the Deep Elf Conjurer began the quest for the
                  | Orb.
     0 | D:1      | Reached XP level 1. HP: 10/10 MP: 6/6
   447 | D:1      | Reached XP level 2. HP: 15/15 MP: 5/8
   887 | D:1      | Found a faded altar of an unknown god.
  1323 | D:2      | Found a shimmering altar of Xom.
  1540 | D:2      | Reached skill level 5 in Conjurations
  1540 | D:2      | Reached XP level 3. HP: 9/19 MP: 7/10
  2239 | D:2      | Found Ixim's Book Emporium.
  2536 | D:2      | Learned a level 2 spell: Searing Ray
  2786 | D:3      | Reached XP level 4. HP: 24/24 MP: 8/12
  3040 | D:3      | Reached skill level 5 in Spellcasting
  4069 | D:4      | Noticed a scorpion
  4074 | D:4      | Killed a scorpion
  4075 | D:4      | Reached XP level 5. HP: 28/28 MP: 9/15
  4358 | D:4      | Learned a level 4 spell: Fulminant Prism
  4363 | D:4      | Learned a level 4 spell: Iskenderun's Mystic Blast
  4754 | D:4      | Succumbed to a scorpion's poison

Illustrated notes

Levels and vault maps discovered:
D:1:      ncdulo_wetmaze, layout_loops_corners,
          shapermc_ecumenical_altar_mp_highgroup, minmay_liquid_box,
          minmay_3d_cube
D:2:      layout_loops_corners, basic_altar, serial_shops,
          nicolae_shop_temple_entry_statues_fountains, roderic_roman_lattice,
          chequers_garden, st_stairs_5
D:3:      layout_basic, kennysheep_cluttered_room, columned_hall_lemuel
D:4:      layout_basic

Skill      XL: |  1  2  3  4  5 |
---------------+----------------+-----
Spellcasting   | 4 5 6 |  6.1
Conjurations   | 5 6 |  6.3
Dodging        | |  2.4
Stealth        | |  2.4

Action                   |  1- 3 |  4- 6 || total
-------------------------+-------+-------++-------
 Cast: Magic Dart        |    80 |    65 ||   145
       Searing Ray       |       |     2 ||     2
       Iskenderun's Myst |       |     1 ||     1
Armor: Robe              |     1 |     1 ||     2
Dodge: Dodged            |     4 |       ||     4
